| TOP OF THE 1ST |
|
El Paso Sun Kings batting - Pitching for Dallas-Fort Worth Rangers : RHP Marty Hulse
|
|
Pitching: RHP Marty Hulse
|
|
|
Batting: LHB Leo Sutherland
|
0-0: Called Strike 0-1: Bunt missed! 0-2: Ball 1-2: Ball 2-2: SINGLE (Line Drive, 8LS, EV 89.4 MPH)
|
|
Batting: RHB Bert Newman
|
0-0: Ball 1-0: Fielders Choice at 2nd, 4-6 (Groundball, 34, EV 102.5 MPH)
|
|
Batting: LHB Dom Fucci
|
0-0: Called Strike 0-1: Ball 1-1: Foul Ball, location: 2F 1-2: Ball 2-2: Fielders Choice at 2nd, 1-6 (Groundball, 34S, EV 86.9 MPH)
|
|
Batting: LHB Joe DeSa
|
0-0: Swinging Strike 0-1: Ground out U3 (Groundball, 3, EV 100.6 MPH)
|
| Top of the 1st over - 0 runs, 1 hit, 0 errors, 1 left on base; El Paso 0 - Dallas-Fort Worth 0 |
| BOTTOM OF THE 1ST |
|
Dallas-Fort Worth Rangers batting - Pitching for El Paso Sun Kings : LHP Jesus Moreno
|
|
Pitching: LHP Jesus Moreno
|
|
|
Batting: RHB Phil Bradley
|
0-0: Called Strike 0-1: Foul Ball, location: 2F 0-2: Foul Ball, location: 2F 0-2: Ball 1-2: Strikes out swinging
|
|
Batting: RHB Pat Casey
|
0-0: Ball 1-0: Ball 2-0: Swinging Strike 2-1: Foul Ball, location: 2F 2-2: Foul Ball, location: 2F 2-2: Foul Ball, location: 2F 2-2: Ball 3-2: Ground out 1-3 (Groundball, 13S, EV 71.9 MPH)
|
|
Batting: RHB Joe Carter
|
0-0: SINGLE (Groundball, 6S, EV 73.1 MPH) (infield hit)
|
|
Batting: LHB Mario Delgado
|
0-0: Called Strike 0-1: Ball 1-1: Swinging Strike 1-2: SINGLE (Groundball, 34, EV 106.9 MPH) Joe Carter to second
|
|
Batting: RHB Steve Nicosia
|
0-0: Ball 1-0: Ball 2-0: Foul Ball, location: 2F 2-1: Ball 3-1: Foul Ball, location: 2F 3-2: SINGLE (Groundball, 4MD, EV 103.8 MPH) Joe Carter to third Mario Delgado to second Joe Carter scores Mario Delgado to third
|
|
Batting: LHB Garcia Gutierrez
|
0-0: Ball 1-0: Called Strike 1-1: Called Strike 1-2: Strikes out swinging
|
| Bottom of the 1st over - 1 run, 3 hits, 0 errors, 2 left on base; El Paso 0 - Dallas-Fort Worth 1 |
| TOP OF THE 2ND |
|
El Paso Sun Kings batting - Pitching for Dallas-Fort Worth Rangers : RHP Marty Hulse
|
|
Batting: LHB Franklin Lopez
|
0-0: Ball 1-0: Foul Ball, location: 2F 1-1: Swinging Strike 1-2: Ball 2-2: Foul Ball, location: 2F 2-2: Ball 3-2: Base on Balls
|
|
Batting: RHB Peter Peltz
|
0-0: Ball 1-0: Ball 2-0: Swinging Strike 2-1: Foul Ball, location: 2F 2-2: Strikes out looking
|
|
Batting: SHB Wayne Stone
|
0-0: Called Strike 0-1: Foul Ball, location: 2F 0-2: Ball 1-2: Fielders Choice at 2nd, 5-4 (Groundball, 56, EV 90.6 MPH)
|
|
Batting: RHB James Barbe
|
Pickoff Throw to First - Error! E1 Wayne Stone to second 0-0: Ball 1-0: Foul Ball, location: 2F 1-1: Foul Ball, location: 2F 1-2: Ground out 6-3 (Groundball, 6, EV 87.5 MPH)
|
| Top of the 2nd over - 0 runs, 0 hits, 1 error, 1 left on base; El Paso 0 - Dallas-Fort Worth 1 |
| BOTTOM OF THE 2ND |
|
Dallas-Fort Worth Rangers batting - Pitching for El Paso Sun Kings : LHP Jesus Moreno
|
|
Batting: RHB Dave Aponte
|
0-0: Called Strike 0-1: Swinging Strike 0-2: Strikes out looking
|
|
Batting: LHB Dustin Hipp
|
0-0: Ground out 6-3 (Groundball, 6M, EV 98.8 MPH)
|
|
Batting: RHB Dave Miele
|
0-0: Ground out 6-3 (Groundball, 6, EV 84.4 MPH)
|
| Bottom of the 2nd over - 0 runs, 0 hits, 0 errors, 0 left on base; El Paso 0 - Dallas-Fort Worth 1 |
| TOP OF THE 3RD |
|
El Paso Sun Kings batting - Pitching for Dallas-Fort Worth Rangers : RHP Marty Hulse
|
|
Batting: RHB Bruce Benedict
|
0-0: Ball 1-0: Called Strike 1-1: Ball 2-1: Called Strike 2-2: Ball 3-2: Foul Ball, location: 2F 3-2: Base on Balls
|
|
Batting: LHB Leo Sutherland
|
0-0: Called Strike 0-1: Ball 1-1: Called Strike 1-2: Ball 2-2: Ball 3-2: Base on Balls Bruce Benedict to second
|
|
Batting: RHB Bert Newman
|
0-0: Fly out, F8 (Line Drive, 8RD, EV 86.3 MPH)
|
|
Batting: LHB Dom Fucci
|
0-0: SINGLE (Line Drive, 6D, EV 100.0 MPH) Bruce Benedict to third Leo Sutherland to second Runner from 3rd tries for Home, throw by CF and OUT! 8-2
|
|
Batting: LHB Joe DeSa
|
0-0: Ball 1-0: Called Strike 1-1: SINGLE (Groundball, 6D, EV 107.5 MPH) Leo Sutherland to third Dom Fucci to second Runner from 3rd tries for Home, SAFE, no throw by CF
|
|
Batting: LHB Franklin Lopez
|
0-0: Ball 1-0: Ball 2-0: Fly out, F9 (Flyball, 9S, EV 96.3 MPH)
|
| Top of the 3rd over - 1 run, 2 hits, 0 errors, 2 left on base; El Paso 1 - Dallas-Fort Worth 1 |
| BOTTOM OF THE 3RD |
|
Dallas-Fort Worth Rangers batting - Pitching for El Paso Sun Kings : LHP Jesus Moreno
|
|
Batting: RHB Phil Bradley
|
0-0: Ball 1-0: Foul Ball, location: 2F 1-1: Foul Ball, location: 2F 1-2: Ground out 1-3 (Groundball, 15S, EV 68.8 MPH)
|
|
Batting: RHB Pat Casey
|
0-0: Ball 1-0: Called Strike 1-1: Ball 2-1: Foul Ball, location: 2F 2-2: Strikes out swinging
|
|
Batting: RHB Joe Carter
|
0-0: Ball 1-0: Ball 2-0: Ball 3-0: Called Strike 3-1: Base on Balls
|
|
Batting: LHB Mario Delgado
|
0-0: Called Strike 0-1: Ball 1-1: Foul Ball, location: 2F 1-2: TRIPLE (Flyball, 78XD, EV 101.9 MPH) Joe Carter scores
|
|
Batting: RHB Steve Nicosia
|
0-0: Ball 1-0: Fly out, F8 (Line Drive, 8RD, EV 90.6 MPH)
|
| Bottom of the 3rd over - 1 run, 1 hit, 0 errors, 1 left on base; El Paso 1 - Dallas-Fort Worth 2 |
| TOP OF THE 4TH |
|
El Paso Sun Kings batting - Pitching for Dallas-Fort Worth Rangers : RHP Marty Hulse
|
|
Batting: RHB Peter Peltz
|
0-0: Ball 1-0: Ball 2-0: Ball 3-0: Base on Balls
|
|
Batting: SHB Wayne Stone
|
0-0: Ball 1-0: Ball 2-0: Ball 3-0: Base on Balls Peter Peltz to second
|
|
Batting: RHB James Barbe
|
0-0: Called Strike 0-1: Ball 1-1: Ball 2-1: Foul Ball, location: 2F 2-2: Foul Ball, location: 2F 2-2: Foul Ball, location: 2F 2-2: Foul Ball, location: 2F 2-2: Strikes out swinging
|
|
Batting: RHB Bruce Benedict
|
0-0: Fly out, F3 (Popup, 3F, EV 82.5 MPH)
|
|
Batting: LHB Leo Sutherland
|
0-0: Ball 1-0: Ball 2-0: Ball Wild Pitch! Peter Peltz to third Wayne Stone to second 3-0: Base on Balls
|
|
Batting: RHB Bert Newman
|
0-0: Fly out, F9 (Flyball, 89D, EV 99.4 MPH)
|
| Top of the 4th over - 0 runs, 0 hits, 0 errors, 3 left on base; El Paso 1 - Dallas-Fort Worth 2 |
| BOTTOM OF THE 4TH |
|
Dallas-Fort Worth Rangers batting - Pitching for El Paso Sun Kings : LHP Jesus Moreno
|
|
Batting: LHB Garcia Gutierrez
|
0-0: Ball 1-0: Ground out 4-3 (Groundball, 4, EV 80.0 MPH)
|
|
Batting: RHB Dave Aponte
|
0-0: Ball 1-0: DOUBLE (Line Drive, 7LD, EV 111.3 MPH)
|
|
Batting: LHB Dustin Hipp
|
0-0: Ball 1-0: Ball 2-0: SINGLE (Groundball, 56D, EV 98.8 MPH) Dave Aponte to third Runner from 3rd tries for Home, SAFE, throw by LF to home
|
|
Batting: RHB Dave Miele
|
0-0: Foul Ball, location: 2F 0-1: Ball 1-1: Swinging Strike 1-2: SINGLE (Groundball, 34D, EV 103.8 MPH) Dustin Hipp to second Runner from 2nd tries for 3rd, SAFE, throw by RF made to third
|
|
Batting: RHB Phil Bradley
|
0-0: Ball 1-0: Ball 2-0: Ball 3-0: Base on Balls Dave Miele to second
|
|
Batting: RHB Pat Casey
|
0-0: Ball 1-0: Ball 2-0: Ball 3-0: Called Strike 3-1: Base on Balls Dustin Hipp scores Dave Miele to third Phil Bradley to second
|
|
Batting: RHB Joe Carter
|
0-0: Called Strike 0-1: Called Strike 0-2: Ball 1-2: Ball 2-2: Foul Ball, location: 2F 2-2: Ball 3-2: Foul Ball, location: 2F 3-2: Foul Ball, location: 2F 3-2: Strikes out swinging
|
|
Batting: LHB Mario Delgado
|
0-0: Called Strike 0-1: Ball 1-1: Called Strike 1-2: Strikes out swinging
|
| Bottom of the 4th over - 2 runs, 3 hits, 0 errors, 3 left on base; El Paso 1 - Dallas-Fort Worth 4 |
| TOP OF THE 5TH |
|
El Paso Sun Kings batting - Pitching for Dallas-Fort Worth Rangers : RHP Marty Hulse
|
|
Batting: LHB Dom Fucci
|
0-0: Ball 1-0: Foul Ball, location: 2F 1-1: Called Strike 1-2: Ball 2-2: Ball 3-2: Fly out, F9 (Flyball, 9LS, EV 96.3 MPH)
|
|
Batting: LHB Joe DeSa
|
0-0: Called Strike 0-1: Fly out, F8 (Flyball, 89D, EV 90.6 MPH)
|
|
Batting: LHB Franklin Lopez
|
0-0: Ball 1-0: Ball 2-0: Swinging Strike 2-1: Ball 3-1: Foul Ball, location: 2F 3-2: Fly out, F8 (Flyball, 8RD, EV 105.6 MPH)
|
| Top of the 5th over - 0 runs, 0 hits, 0 errors, 0 left on base; El Paso 1 - Dallas-Fort Worth 4 |
| BOTTOM OF THE 5TH |
|
Dallas-Fort Worth Rangers batting - Pitching for El Paso Sun Kings : LHP Jesus Moreno
|
|
Batting: RHB Steve Nicosia
|
0-0: Foul Ball, location: 2F 0-1: Swinging Strike 0-2: Ball 1-2: Fly out, F8 (Flyball, 8RD, EV 75.0 MPH)
|
|
Batting: LHB Garcia Gutierrez
|
0-0: Ball 1-0: Called Strike 1-1: Ball 2-1: Swinging Strike 2-2: Ground out 4-3 (Groundball, 4S, EV 72.5 MPH)
|
|
Batting: RHB Dave Aponte
|
0-0: Ball 1-0: Fly out, F8 (Flyball, 8LXD, EV 93.1 MPH)
|
| Bottom of the 5th over - 0 runs, 0 hits, 0 errors, 0 left on base; El Paso 1 - Dallas-Fort Worth 4 |
| TOP OF THE 6TH |
|
El Paso Sun Kings batting - Pitching for Dallas-Fort Worth Rangers : RHP Marty Hulse
|
|
Batting: RHB Peter Peltz
|
0-0: Ball 1-0: Ball 2-0: Reached on error, E1 (Groundball, 15, EV 89.4 MPH)
|
|
Batting: SHB Wayne Stone
|
0-0: Ball 1-0: Ball 2-0: Ground out 3-1 (Groundball, 34, EV 86.3 MPH) Peter Peltz to third
|
|
Batting: RHB James Barbe
|
0-0: Called Strike 0-1: Ball 1-1: Ball 2-1: Fly out, F8 (Flyball, 8RD, EV 105.0 MPH) Runner from 3rd tags up, SCORES, throw by CF
|
|
Batting: RHB Bruce Benedict
|
0-0: Fly out, F9 (Line Drive, 9, EV 93.1 MPH)
|
| Top of the 6th over - 1 run, 0 hits, 1 error, 0 left on base; El Paso 2 - Dallas-Fort Worth 4 |
| BOTTOM OF THE 6TH |
|
Dallas-Fort Worth Rangers batting - Pitching for El Paso Sun Kings : LHP Jesus Moreno
|
|
Batting: LHB Dustin Hipp
|
0-0: Ground out 6-3 (Groundball, 6, EV 93.1 MPH)
|
|
Batting: RHB Dave Miele
|
0-0: Ball 1-0: Called Strike 1-1: Fly out, F8 (Line Drive, 8LM, EV 111.3 MPH)
|
|
Batting: RHB Phil Bradley
|
0-0: Called Strike 0-1: Ground out 6-3 (Groundball, 6, EV 103.1 MPH)
|
| Bottom of the 6th over - 0 runs, 0 hits, 0 errors, 0 left on base; El Paso 2 - Dallas-Fort Worth 4 |
| TOP OF THE 7TH |
|
El Paso Sun Kings batting - Pitching for Dallas-Fort Worth Rangers : RHP Marty Hulse
|
|
Batting: LHB Leo Sutherland
|
0-0: Swinging Strike 0-1: Ball 1-1: Foul Ball, location: 2F 1-2: SINGLE (Line Drive, 4M, EV 96.9 MPH)
|
|
Pitching: RHP John McDonald
|
|
|
Batting: RHB Bert Newman
|
0-0: Bunted foul 0-1: Bunt missed! 0-2: Foul Ball, location: 2F 0-2: Ball 1-2: Ball 2-2: Fielders Choice at 2nd, 6-4 (Groundball, 6, EV 80.0 MPH)
|
|
Batting: LHB Dom Fucci
|
0-0: Ball Bert Newman steals 2nd base 1-0: Ball 2-0: Ball 3-0: Base on Balls
|
|
Batting: LHB Joe DeSa
|
0-0: Ball 1-0: Ball 2-0: Ball 3-0: Base on Balls Bert Newman to third Dom Fucci to second
|
|
Batting: LHB Franklin Lopez
|
0-0: Foul Ball, location: 2F 0-1: Ball 1-1: Foul Ball, location: 2F 1-2: Ball 2-2: Foul Ball, location: 2F 2-2: Ball 3-2: Foul Ball, location: 2F 3-2: Foul Ball, location: 2F 3-2: SINGLE (Groundball, 34D, EV 103.1 MPH) Bert Newman scores Dom Fucci to third Joe DeSa to second Runner from 3rd tries for Home, throw by RF and OUT! 9-2
|
|
Pinch Hitting: LHB Kevin Knuth
|
0-0: Ball 1-0: Swinging Strike 1-1: Ball 2-1: Called Strike 2-2: Ball 3-2: Foul Ball, location: 2F 3-2: Strikes out swinging
|
| Top of the 7th over - 1 run, 2 hits, 0 errors, 2 left on base; El Paso 3 - Dallas-Fort Worth 4 |
| BOTTOM OF THE 7TH |
|
Dallas-Fort Worth Rangers batting - Pitching for El Paso Sun Kings : LHP Jesus Moreno
|
|
Now at 3B: Carlos Lezcano
|
|
|
Batting: RHB Pat Casey
|
0-0: Ball 1-0: Called Strike 1-1: Ball 2-1: Foul Ball, location: 2F 2-2: Strikes out swinging
|
|
Batting: RHB Joe Carter
|
0-0: Swinging Strike 0-1: Ball 1-1: SOLO HOME RUN (Line Drive, 78XD, EV 105.0 MPH), Distance : 418 ft
|
|
Batting: LHB Mario Delgado
|
0-0: Ground out 3-1 (Groundball, 34, EV 103.1 MPH)
|
|
Batting: RHB Steve Nicosia
|
0-0: Called Strike 0-1: Called Strike 0-2: SINGLE (Line Drive, 6M, EV 99.4 MPH)
|
|
Pitching: LHP Richard Broas
|
|
|
Batting: LHB Garcia Gutierrez
|
0-0: Ball 1-0: Ball 2-0: Ball 3-0: Called Strike 3-1: Base on Balls Steve Nicosia to second
|
|
Batting: RHB Dave Aponte
|
0-0: Ball 1-0: Ground out 4-3 (Groundball, 34, EV 95.6 MPH)
|
| Bottom of the 7th over - 1 run, 2 hits, 0 errors, 2 left on base; El Paso 3 - Dallas-Fort Worth 5 |
| TOP OF THE 8TH |
|
El Paso Sun Kings batting - Pitching for Dallas-Fort Worth Rangers : RHP John McDonald
|
|
Now in LF: Rick Leach
|
|
|
Batting: SHB Wayne Stone
|
0-0: Foul Ball, location: 2F 0-1: Foul Ball, location: 2F 0-2: Foul Ball, location: 2F 0-2: Ball 1-2: Foul Ball, location: 2F 1-2: Ball 2-2: Ground out 4-3 (Groundball, 4, EV 83.1 MPH)
|
|
Batting: RHB James Barbe
|
0-0: Called Strike 0-1: SINGLE (Groundball, 56D, EV 95.0 MPH)
|
|
Batting: RHB Bruce Benedict
|
0-0: Called Strike 0-1: Ball 1-1: Foul Ball, location: 2F 1-2: Foul Ball, location: 2F 1-2: Ball 2-2: Foul Ball, location: 2F 2-2: Grounds into double play, 4-6-3 (Groundball, 4, EV 75.6 MPH)
|
| Top of the 8th over - 0 runs, 1 hit, 0 errors, 0 left on base; El Paso 3 - Dallas-Fort Worth 5 |
| BOTTOM OF THE 8TH |
|
Dallas-Fort Worth Rangers batting - Pitching for El Paso Sun Kings : LHP Richard Broas
|
|
Batting: LHB Dustin Hipp
|
0-0: Swinging Strike 0-1: Ball 1-1: Called Strike 1-2: Foul Ball, location: 2F 1-2: Foul Ball, location: 2F 1-2: Foul Ball, location: 2F 1-2: Ball 2-2: Ground out 3-1 (Groundball, 34S, EV 68.8 MPH)
|
|
Batting: RHB Dave Miele
|
0-0: Fly out, F7 (Flyball, 78S, EV 89.4 MPH)
|
|
Batting: RHB Phil Bradley
|
0-0: Called Strike 0-1: Ball 1-1: DOUBLE (Flyball, 8LD, EV 100.0 MPH)
|
|
Batting: RHB Pat Casey
|
0-0: Intentional Walk
|
|
Batting: LHB Rick Leach
|
0-0: Foul Ball, location: 2F 0-1: Fly out, F8 (Line Drive, 8RM, EV 93.1 MPH)
|
| Bottom of the 8th over - 0 runs, 1 hit, 0 errors, 2 left on base; El Paso 3 - Dallas-Fort Worth 5 |
| TOP OF THE 9TH |
|
El Paso Sun Kings batting - Pitching for Dallas-Fort Worth Rangers : RHP John McDonald
|
|
Pitching: RHP Duane Theiss
|
|
|
Batting: LHB Leo Sutherland
|
0-0: Foul Ball, location: 2F 0-1: Ball 1-1: Ball 2-1: Called Strike 2-2: Strikes out looking
|
|
Batting: RHB Bert Newman
|
0-0: Ball 1-0: Ball 2-0: SINGLE (Line Drive, 56, EV 98.1 MPH)
|
|
Batting: LHB Dom Fucci
|
0-0: Ball 1-0: Ball 2-0: SINGLE (Groundball, 5S, EV 66.3 MPH) (infield hit) Bert Newman to second
|
|
Batting: LHB Joe DeSa
|
0-0: Ball 1-0: Ball 2-0: Ball 3-0: Called Strike 3-1: Called Strike 3-2: DOUBLE (Flyball, 8LXD, EV 93.1 MPH) Bert Newman scores Dom Fucci to third Runner from 3rd tries for Home, SAFE, throw by CF to trailing runner, SAFE at third!
|
|
Batting: LHB Franklin Lopez
|
0-0: Intentional Walk
|
|
Batting: RHB Carlos Lezcano
|
0-0: Foul Ball, location: 2F 0-1: Swinging Strike 0-2: Ball 1-2: Foul Ball, location: 2F 1-2: Strikes out looking
|
|
Batting: SHB Wayne Stone
|
0-0: Ball 1-0: Ball 2-0: Ball 3-0: Base on Balls Franklin Lopez to second
|
|
Batting: RHB James Barbe
|
0-0: Ball 1-0: Ball 2-0: Fly out, F6 (Line Drive, 6, EV 68.1 MPH)
|
| Top of the 9th over - 2 runs, 3 hits, 0 errors, 3 left on base; El Paso 5 - Dallas-Fort Worth 5 |
| BOTTOM OF THE 9TH |
|
Dallas-Fort Worth Rangers batting - Pitching for El Paso Sun Kings : LHP Richard Broas
|
|
Batting: LHB Mario Delgado
|
0-0: Ball 1-0: Called Strike 1-1: Ground out 3-1 (Groundball, 34, EV 87.5 MPH)
|
|
Batting: RHB Steve Nicosia
|
0-0: Called Strike 0-1: Foul Ball, location: 2F 0-2: Ball 1-2: Ball 2-2: Strikes out looking
|
|
Pitching: RHP Junior Phillips
|
|
|
Batting: LHB Garcia Gutierrez
|
0-0: Foul Ball, location: 2F 0-1: Foul Ball, location: 2F 0-2: Ball 1-2: Ball 2-2: Strikes out looking
|
| Bottom of the 9th over - 0 runs, 0 hits, 0 errors, 0 left on base; El Paso 5 - Dallas-Fort Worth 5 |
| TOP OF THE 10TH |
|
El Paso Sun Kings batting - Pitching for Dallas-Fort Worth Rangers : RHP Duane Theiss
|
|
Pitching: RHP Brian Denman
|
|
|
Pinch Hitting: LHB Gary Bishop
|
0-0: Foul Ball, location: 2F 0-1: Foul Ball, location: 2F 0-2: Ball 1-2: Ball 2-2: Foul Ball, location: 2F 2-2: Strikes out looking
|
|
Batting: LHB Leo Sutherland
|
0-0: Fly out, F8 (Flyball, 8LM, EV 91.3 MPH)
|
|
Batting: RHB Bert Newman
|
0-0: SINGLE (Groundball, 6MD, EV 97.5 MPH)
|
|
Batting: LHB Dom Fucci
|
0-0: Ball Bert Newman steals 2nd base 1-0: Intentional Walk
|
|
Batting: LHB Joe DeSa
|
0-0: Ground out 4-3 (Groundball, 4, EV 103.1 MPH)
|
| Top of the 10th over - 0 runs, 1 hit, 0 errors, 2 left on base; El Paso 5 - Dallas-Fort Worth 5 |
| BOTTOM OF THE 10TH |
|
Dallas-Fort Worth Rangers batting - Pitching for El Paso Sun Kings : RHP Junior Phillips
|
|
Pitching: RHP Kevin Keene
|
|
|
Now at C: Vito Lucarelli
|
|
|
Pinch Hitting: LHB Stan Levi
|
0-0: Called Strike 0-1: Fly out, F7 (Flyball, 78D, EV 74.4 MPH)
|
|
Batting: LHB Dustin Hipp
|
0-0: Ball 1-0: Ball 2-0: Ball 3-0: Called Strike 3-1: SINGLE (Groundball, 6D, EV 100.6 MPH)
|
|
Batting: RHB Dave Miele
|
0-0: Bunted foul 0-1: Ball 1-1: Ball 2-1: Bunted foul 2-2: Ball Dustin Hipp steals 2nd base 3-2: Foul Ball, location: 2F 3-2: Ground out 4-3 (Groundball, 4, EV 86.9 MPH) Dustin Hipp to third
|
|
Batting: RHB Phil Bradley
|
0-0: Ball 1-0: Ball 2-0: Foul Ball, location: 2F 2-1: Swinging Strike 2-2: Foul Ball, location: 2F 2-2: Ball 3-2: Foul Ball, location: 2F 3-2: Ground out 6-3 (Groundball, 56, EV 100.0 MPH)
|
| Bottom of the 10th over - 0 runs, 1 hit, 0 errors, 1 left on base; El Paso 5 - Dallas-Fort Worth 5 |
| TOP OF THE 11TH |
|
El Paso Sun Kings batting - Pitching for Dallas-Fort Worth Rangers : RHP Brian Denman
|
|
Now at 3B: Timothy Roche
|
|
|
Batting: LHB Franklin Lopez
|
0-0: Ball 1-0: Called Strike 1-1: Fly out, F5 (Popup, 5F, EV 64.4 MPH)
|
|
Batting: RHB Carlos Lezcano
|
0-0: Ball 1-0: Ball 2-0: Ball 3-0: Fly out, F3 (Flyball, 3D, EV 71.9 MPH)
|
|
Batting: SHB Wayne Stone
|
0-0: Foul Ball, location: 2F 0-1: Swinging Strike 0-2: Foul Ball, location: 2F 0-2: Ball 1-2: Ball 2-2: Ball 3-2: Fly out, F7 (Flyball, 7S, EV 96.9 MPH)
|
| Top of the 11th over - 0 runs, 0 hits, 0 errors, 0 left on base; El Paso 5 - Dallas-Fort Worth 5 |
| BOTTOM OF THE 11TH |
|
Dallas-Fort Worth Rangers batting - Pitching for El Paso Sun Kings : RHP Kevin Keene
|
|
Pitching: RHP Tom Lukish
|
|
|
Batting: RHB Pat Casey
|
0-0: Ball 1-0: Swinging Strike 1-1: Ball 2-1: Foul Ball, location: 2F 2-2: Ball 3-2: Foul Ball, location: 2F 3-2: Foul Ball, location: 2F 3-2: Foul Ball, location: 2F 3-2: Fly out, F3 (Popup, 3S, EV 71.3 MPH)
|
|
Batting: LHB Rick Leach
|
0-0: Ball 1-0: Fly out, F8 (Flyball, 8RD, EV 87.5 MPH)
|
|
Batting: LHB Mario Delgado
|
0-0: Called Strike 0-1: Ball 1-1: Swinging Strike 1-2: SINGLE (Flyball, 8LS, EV 93.8 MPH)
|
|
Pinch Hitting: LHB Dave Falcone
|
0-0: Ball 1-0: Foul Ball, location: 2F 1-1: DOUBLE (Line Drive, 8RD, EV 87.5 MPH) Mario Delgado to third Runner from 3rd tries for Home, SAFE, throw by CF to home
|
| Bottom of the 11th over - 1 run, 2 hits, 0 errors, 0 left on base; El Paso 5 - Dallas-Fort Worth 6 |
| GAME OVER ... DALLAS |
|
Fort Worth defeats El Paso, 6 to 5
|
|
|